 Dungeon Crawl Stone Soup version 0.32-a0-314-g526f7d4 (webtiles) character file.

Game seed: 982241000854912098

3257 sdynet the Thaumaturge (level 9, -1/59 HPs)
             Began as a Mummy Alchemist on Feb 15, 2024.
             Was an Initiate of Gozag.
             Shot with a sling bullet by Joseph (19 damage)
             ... on level 7 of the Dungeon.
             The game lasted 00:37:08 (7800 turns).

sdynet the Thaumaturge (Mummy Alchemist)            Turns: 7800, Time: 00:37:09

Health: -1/59      AC:  7    Str: 12    XL:     9   Next: 67%
Magic:  22/23      EV: 12    Int: 18    God:    Gozag
Gold:   1089       SH:  0    Dex: 18    Spells: 6/29 levels left

rFire   x . .        a - +2 trident (drain)
rCold   + . .        t - orb {*channel}
rNeg    + + +        c - +0 robe
rPois   ∞            (no helmet)
rElec   .            p - +0 cloak
rCorr   .            (no gloves)
SInv    .            (no boots)
Will    +....        (no amulet)
Stlth   ++           j - +6 ring of dexterity
HPRegen 0.29/turn    g - +4 ring of protection
MPRegen 0.18/turn

%: faith, channel magic (20%)
@: very slightly contaminated
A: cold resistance 1, negative energy resistance 3, torment resistance 2, heat
vulnerability 1, in touch with death 1, no potions, faith
a: Renounce Religion, Potion Petition, Call Merchant, Bribe Branch


You were on level 7 of the Dungeon.
You worshipped Gozag.
Gozag was most pleased with you.
You visited 2 branches of the dungeon, and saw 8 of its levels.
You also visited: Sewer.

You collected 1139 gold pieces.
You paid 50 gold pieces to Gozag.

Inventory:

Hand Weapons
 a - a +2 trident of draining (weapon)
Missiles
 f - 5 javelins
 Y - 5 curare-tipped darts
Armour
 c - a +0 robe (worn)
 m - a +3 chain mail of cold resistance
 p - a +0 cloak (worn)
 q - +0 acid dragon scales
 s - a +0 buckler
 t - an orb of energy (worn)
 w - an orb of guile
Jewellery
 g - a +4 ring of protection (right hand)
 j - a +6 ring of dexterity (left hand)
Wands
 l - a wand of roots (8)
 o - a wand of digging (2)
Scrolls
 d - 3 scrolls of identify
 e - a scroll of vulnerability
 h - 4 scrolls of teleportation {!r}
 i - a scroll of fog {!r}
 k - 4 scrolls of amnesia
 n - a scroll of poison
 r - a scroll of fear {unknown}
 u - a scroll of silence {unknown}


   Skills:
 - Level 1.0 Fighting
 - Level 2.0 Dodging
 - Level 2.0 Stealth
 + Level 10.9 Spellcasting
 - Level 2.0 Conjurations
 - Level 1.0 Necromancy
 - Level 3.0 Fire Magic
 - Level 2.0 Ice Magic
 - Level 1.0 Air Magic
 + Level 7.5 Alchemy


You had 6 spell levels left.
You knew the following spells:

 Your Spells              Type           Power      Damage    Failure   Level
a - Sting                 Conj/Alch      100%       1d9       5%          1
b - Mercury Vapours       Alch/Air       50%        N/A       8%          2
c - Mephitic Cloud        Conj/Alch/Air  22%        N/A       16%         3
d - Olgreb's Toxic Radia  Alch           36%        N/A       11%         4
e - Ignite Poison         Fire/Alch      28%        N/A       22%         4
f - Sticky Flame          Fire/Alch      28%        2d7       22%         4
g - Cigotuvi's Dreadful   Necr/Alch/Air  62%        N/A       11%         2
h - Frozen Ramparts       Ice            34%        1d6       24%         3

Your spell library contained the following spells:

 Spells                   Type           Power      Damage    Failure   Level
 Magic Dart               Conj           68%        1d6       11%         1
 Kiss of Death            Conj/Necr      88%        2d12      13%         1
 Necrotise                Necr           80%        1d8       14%         1
 Searing Ray              Conj           34%        2d5       14%         2
 Fulminant Prism          Conj/Alch      13%        3d8       26%         4
 Vampiric Draining        Necr           20%        2d7       32%         3
 Leda's Liquefaction      Alch/Erth      11%        N/A       34%         4
 Petrify                  Alch/Erth      23%        N/A       34%         4
 Confusing Touch          Hex            9%         N/A       43%         3
 Dispel Undead            Necr           20%        3d11      65%         4
 Martyr's Knell           Necr/Summ      17%        N/A       73%         4
 Freezing Cloud           Conj/Ice/Air   7%         6-21      87%         5
 Curse of Agony           Necr           20%        N/A       92%         5
 Metabolic Englaciation   Hex/Ice        6%         N/A       92%         5


Dungeon Overview and Level Annotations

Branches:
Dungeon (7/15)             Temple (1/1) D:7           Sewer (visited)

Altars:
Ashenzari
Cheibriados
Dithmenos
Fedhas
Gozag
Hepliaklqana
Kikubaaqudgha
Makhleb
Nemelex Xobeh
Okawaru
Ru
Sif Muna
Trog
Uskayaw
Vehumet
Wu Jian
Xom
Yredelemnul

Annotations:
D:7 Joseph


Innate Abilities, Weirdness & Mutations

You are immune to poison.
Your flesh is cold resistant. (rC+)
You are immune to negative energy. (rN+++)
You are immune to unholy pain and torment.
You are vulnerable to heat. (rF-)
You are in touch with the powers of death.
You do not drink.
You have a special connection with the divine. (Faith)


Message History

Joseph shoots a sling bullet.
The sling bullet closely misses you.
Casting: Olgreb's Toxic Radiance (dangerous; 11% risk of failure)
Confirm with . or Enter, or press ? or * to list all spells.
You miscast Olgreb's Toxic Radiance.
You are very lightly contaminated with residual magic.
Nothing appears to happen.
Magical energy flows into your mind!
Casting: Olgreb's Toxic Radiance (dangerous; 11% risk of failure)
Confirm with . or Enter, or press ? or * to list all spells.
You begin to radiate toxic energy.
Joseph is poisoned.
Magical energy flows into your mind!
Joseph looks even sicker.
Joseph shoots a sling bullet.
The sling bullet hits you!
Casting: Olgreb's Toxic Radiance (dangerous; 11% risk of failure)
Confirm with . or Enter, or press ? or * to list all spells.
Aiming: Mercury Vapours (safe; 8% risk of failure)
Press: ? - help, Dir - move target
Okay, then.
Casting: Mercury Vapours (safe; 8% risk of failure)
Confirm with . or Enter, or press ? or * to list all spells.
Aiming: Sting (safe; 5% risk of failure)
Press: ? - help, Shift-Dir - straight line, f - Joseph
Aim: Joseph, wielding a +0 sling and wearing a +0 leather armour (lightly wounded, very poisoned, 78% to hit)
The sting hits Joseph.
Joseph looks even sicker.
Joseph is lightly wounded.
Joseph looks as sick as possible!
Joseph shoots a sling bullet.
The sling bullet hits you!!
Casting: Sting (safe; 5% risk of failure)
Confirm with . or Enter, or press ? or * to list all spells.
Okay, then.
Casting: Ignite Poison (quite dangerous; 22% risk of failure)
Confirm with . or Enter, or press ? or * to list all spells.
You miscast Ignite Poison.
Mercury flows from your hands. Magical energy flows into your mind!
Your toxic aura wanes.
Casting: Ignite Poison (quite dangerous; 22% risk of failure)
Confirm with . or Enter, or press ? or * to list all spells.
You miscast Ignite Poison.
You feel uncomfortably hot! The fire burns you terribly!
Magical energy flows into your mind!
Joseph shoots a sling bullet.
The sling bullet hits you!!
You die...
Your body crumbles into a pile of gold.

#....'......#
#....#......#.....#
######......#.....#
#......#.....# #......#.....#
#......#.@... #####
#......#... ....#
#......#'#####..
....####+#......@........
#........................
##.....................#
.##....................#
..........######.......#
..........#....#.......#
..........#....#.......#
.##.......#....#.......#
##..#######..)##.......######


You could see Joseph (extremely poisoned).

Vanquished Creatures
  Maggie (D:6)
  Jeremiah (D:7)
  Grinder (D:6)
  Sigmund (D:5)
  A steam dragon (D:6)
  Duvessa (D:4)
  An ice beast (D:7)
  2 orc warriors
  A sky beast (D:6)
  A black bear (D:6)
  An ogre (D:6)
  A phantom (D:5)
  A scorpion (D:6)
  A bullfrog (D:7)
  3 wights (D:6)
  Dowan (D:4)
  A howler monkey (D:5)
  2 hounds
  Crazy Yiuf (D:6)
  A bombardier beetle (D:4)
  4 jellies
  2 orc priests (D:5)
  A gnoll bouda (D:5)
  4 iguanas
  2 sleepcaps
  Ijyb (D:4)
  6 orc wizards
  8 gnolls
  2 river rats
  11 adders
  3 white imps (D:6)
  4 ufetubi
  8 ribbon worms
  3 dart slugs
  14 orcs
  14 endoplasms
  4 giant cockroaches
  10 goblins
  9 hobgoblins
  6 kobolds
  8 quokkas
  10 ball pythons
  5 bats
  11 frilled lizards
  7 rats
181 creatures vanquished.

Notes
Turn   | Place    | Note
-------+----------+-------------------------------------------
     0 | D:1      | sdynet the Mummy Alchemist began the quest for the Orb.
     0 | D:1      | Reached XP level 1. HP: 13/13 MP: 4/4
    45 | D:1      | Reached skill level 3 in Spellcasting
    78 | D:1      | Reached skill level 1 in Conjurations
   110 | D:1      | Reached XP level 2. HP: 16/19 MP: 1/6
   382 | D:1      | Learned a level 2 spell: Mercury Vapours
   579 | D:1      | Reached XP level 3. HP: 24/24 MP: 1/8
   699 | D:1      | Reached skill level 4 in Spellcasting
   818 | D:1      | Learned a level 3 spell: Mephitic Cloud
  1272 | D:1      | Reached XP level 4. HP: 30/30 MP: 10/10
  1572 | D:2      | Learned a level 4 spell: Olgreb's Toxic Radiance
  1908 | D:2      | Found a faded altar of an unknown god.
  2147 | D:3      | Reached skill level 1 in Air Magic
  2172 | D:3      | Reached skill level 5 in Spellcasting
  2247 | D:2      | Reached XP level 5. HP: 16/35 MP: 4/12
  2301 | D:3      | Learned a level 4 spell: Sticky Flame
  2319 | D:3      | Found an opulent altar of Gozag.
  2336 | D:3      | Became a worshipper of Gozag Ym Sagoz the Greedy
  2458 | D:3      | Found a glowing drain.
  2491 | Sewer    | Entered a sewer
  2855 | Sewer    | Reached skill level 1 in Fire Magic
  2858 | Sewer    | Reached skill level 6 in Spellcasting
  2861 | Sewer    | Reached XP level 6. HP: 30/41 MP: 8/15
  3071 | Sewer    | Found a viscous altar of Jiyva.
  3751 | D:4      | Reached skill level 7 in Spellcasting
  3756 | D:4      | Learned a level 4 spell: Ignite Poison
  3859 | D:4      | Noticed Duvessa
  3859 | D:4      | Noticed Dowan
  3866 | D:4      | Killed Dowan
  3866 | D:4      | Killed Duvessa
  3867 | D:4      | Reached XP level 7. HP: 34/46 MP: 6/18
  4391 | D:4      | Noticed Ijyb
  4409 | D:4      | Killed Ijyb
  4410 | D:4      | Reached skill level 8 in Spellcasting
  4731 | D:5      | Entered Level 5 of the Dungeon
  4799 | D:5      | Reached XP level 8. HP: 52/52 MP: 0/20
  4806 | D:5      | Reached skill level 9 in Spellcasting
  4947 | D:5      | Noticed Sigmund
  4950 | D:5      | Killed Sigmund
  4951 | D:5      | Reached skill level 5 in Alchemy
  5346 | D:5      | Learned a level 2 spell: Cigotuvi's Dreadful Rot
  5359 | D:5      | Reached skill level 1 in Fighting
  5366 | D:5      | Reached skill level 10 in Spellcasting
  5624 | D:5      | Found an ornate altar of the Wu Jian Council.
  5927 | D:6      | Learned a level 3 spell: Frozen Ramparts
  6050 | D:6      | Reached skill level 1 in Necromancy
  6123 | D:6      | Noticed Maggie
  6128 | D:6      | Killed Maggie
  6129 | D:6      | Reached skill level 1 in Ice Magic
  6129 | D:6      | Reached XP level 9. HP: 59/59 MP: 9/23
  6437 | D:6      | Noticed Grinder
  6448 | D:6      | Killed Grinder
  6555 | D:6      | Found a sparkling altar of Nemelex Xobeh.
  6622 | D:6      | Found a runed translucent door.
  6623 | D:6      | Noticed Crazy Yiuf
  6629 | D:6      | Killed Crazy Yiuf
  7551 | D:7      | Found a staircase to the Ecumenical Temple.
  7560 | Temple   | Entered the Ecumenical Temple
  7611 | D:7      | Noticed Jeremiah
  7635 | D:7      | Killed Jeremiah
  7795 | D:7      | Noticed Joseph
  7800 | D:7      | Shot with a sling bullet by Joseph

Illustrated notes

Levels and vault maps discovered:
D:1:      spicycebolla_arrival_xxxplode, layout_loops_ring, chequers_mini_garden
D:2:      layout_rooms, dreamdust_ecumenical_altar_statues
D:3:      layout_rooms, mainiacjoe_overflow_alcove_4, gup_sewer_entry_bubbles
D:4:      layout_cave_pods, uniq_duvessa, uniq_ijyb
D:5:      layout_rooms, nzn_wu_jian_council_hall, dreamdust_gnoll_farm,
          uniq_sigmund
D:6:      layout_loops_ring, nemelex_spade_bored_becter, uniq_maggie,
          uniq_crazy_yiuf_cottage, uniq_grinder
D:7:      layout_gridville, minmay_temple_entry_waves, serial_rivers,
          chequers_serial_rivers_micro_d, chequers_serial_rivers_large_b,
          chequers_serial_rivers_room_a, chequers_serial_rivers_micro_d,
          chequers_serial_rivers_micro_e, chequers_serial_rivers_small_3,
          uniq_joseph, uniq_jeremiah
Temple:   nicolae_temple_no_exploring_needed

Skill      XL: |  1  2  3  4  5  6  7  8  9 |
---------------+----------------------------+-----
Spellcasting   | 3 4 5 6 7 8 10 | 10.9
Conjurations   | 1 2 |  2.0
Alchemy        | 3 4 6 7 |  7.5
Air Magic      | 1 |  1.0
Fire Magic     | 1 2 3 |  3.0
Stealth        | 2 |  2.0
Dodging        | 2 |  2.0
Fighting       | 1 |  1.0
Necromancy     | 1 |  1.0
Ice Magic      | 1 2 |  2.0

Action                     |  1- 3 |  4- 6 |  7- 9 || total
---------------------------+-------+-------+-------++-------
  Melee: Club              |     5 |       |       ||     5
         Dagger            |    14 |       |       ||    14
         Short sword       |    15 |    96 |    45 ||   156
         Battleaxe         |       |       |    26 ||    26
         Quarterstaff      |       |       |    19 ||    19
         Trident           |       |       |     5 ||     5
  Throw: Javelin           |       |    11 |       ||    11
         Dart              |       |       |     3 ||     3
   Cast: Sting             |    48 |   106 |    63 ||   217
         Mercury Vapours   |       |     9 |     7 ||    16
         Olgreb's Toxic Ra |       |     4 |    24 ||    28
         Ignite Poison     |       |     1 |     6 ||     7
         Mephitic Cloud    |       |       |     4 ||     4
         Cigotuvi's Dreadf |       |       |     1 ||     1
         Sticky Flame      |       |       |     3 ||     3
  Evoke: Wand              |       |       |     6 ||     6
    Use: Scroll            |       |     4 |     5 ||     9
   Stab: Sleeping          |     3 |     1 |     2 ||     6
         Confused          |       |       |     1 ||     1
         Distracted        |       |       |     1 ||     1
 Armour: Robe              |    21 |    85 |    86 ||   192
  Dodge: Dodged            |    28 |   120 |    67 ||   215

Table legend: (Time is in decaauts)
 A = Elapsed time spent in this place.
 B = Non-inter-level travel time spent in this place.
 C = Inter-level travel time spent in this place.
 D = Time resting spent in this place.
 E = Time spent auto-exploring this place.
 F = Levels seen in this place.
 G = Mean time per level.
                   A        B        C        D        E       F      G
               +--------+--------+--------+--------+--------+-----+--------+
         Total |   7897 |   7347 |    550 |     51 |   5590 |   9 |  877.4 |
       Dungeon |   7160 |   6610 |    550 |     51 |   5029 |   7 | 1022.9 |
        Temple |      1 |      1 |      0 |      0 |      0 |   1 |    1.0 |
         Sewer |    735 |    735 |      0 |      0 |    561 |   1 |  735.0 |
               +--------+--------+--------+--------+--------+-----+--------+

Top non-repeatable levels by time:
     D:1: 1559 daAuts
     D:6: 1380 daAuts
     D:4: 1240 daAuts
     D:3: 838 daAuts
     D:5: 826 daAuts
     D:7: 737 daAuts
   Sewer: 735 daAuts
     D:2: 577 daAuts
  Temple: 1 daAuts
